 Dungeon Crawl Stone Soup version 0.31.0-12-g77e489cdc1 (webtiles) character file.

Game seed: 953250929249530377

66 Pooter the Chopper (level 3, -1/34 HPs)
             Began as a Minotaur Berserker on Feb 17, 2024.
             Was a Believer of Trog.
             Slain by Grinder (5 damage)
             ... on level 3 of the Dungeon.
             The game lasted 00:05:43 (1422 turns).

Pooter the Chopper (Minotaur Berserker)             Turns: 1422, Time: 00:05:43

Health: -1/34      AC:  7    Str: 23    XL:     3   Next: 96%
Magic:  2/2        EV: 10    Int:  4    God:    Trog [**....]
Gold:   165        SH:  0    Dex:  9    Spells: 2/2 levels left

rFire   . . .        n - +0 quarterstaff
rCold   . . .        (shield currently unavailable)
rNeg    . . .        l - +0 scale mail
rPois   .            (helmet restricted)
rElec   .            (no cloak)
rCorr   .            (no gloves)
SInv    .            g - +0 pair of boots
Will    +....        (no amulet) Stlth
                     e - ring of willpower
HPRegen 0.25/turn    (no ring)
MPRegen 0.08/turn

%: no passive effects
@: on berserk cooldown, slowed, very slow
A: horns 2, retaliatory headbutt
a: Renounce Religion, Berserk, Trog's Hand


You were on level 3 of the Dungeon.
You worshipped Trog.
Trog was pleased with you.
You visited 1 branch of the dungeon, and saw 3 of its levels.

You collected 165 gold pieces.

Inventory:

Hand Weapons
 a - a +0 hand axe
 n - a +0 quarterstaff (weapon)
   (You found it on level 3 of the Dungeon)
Missiles
 i - a throwing net {!f}
 Q - 12 stones (quivered)
Armour
 g - a +0 pair of boots (worn)
   (You found it on level 2 of the Dungeon)
 l - a +0 scale mail (worn)
   (You found it on level 2 of the Dungeon)
Jewellery
 e - a ring of willpower (left hand)
   (You found it on level 2 of the Dungeon)
Scrolls
 d - a scroll of enchant armour
 f - a scroll of fog
 k - a scroll of enchant weapon
Potions
 b - a potion of mutation {unknown}
 c - a potion of magic {unknown}
 h - a potion of enlightenment {unknown}
 j - 3 potions of curing {unknown}
 m - a potion of might {unknown}


   Skills:
 + Level 4.5 Fighting
 * Level 5.2 Axes
 - Level 2.4 Armour
 - Level 2.1 Dodging


You had 2 spell levels left.
You didn't know any spells.
Your spell library was empty.

Dungeon Overview and Level Annotations

Branches:
Dungeon (3/15) Zot: 16566

Altars:
Vehumet

Annotations:
D:3 Grinder


Innate Abilities, Weirdness & Mutations

You have a pair of horns on your head.
You reflexively headbutt those who attack you in melee.


Message History

Grinder gestures at you. Pain shoots through your body!
Grinder gestures at you.
You easily resist.
You can move again.
A red film seems to cover your vision as you go berserk!
You feel yourself moving faster!
You feel mighty!
You hit Grinder. Grinder gestures at you.
You suddenly lose the ability to move!
Grinder gestures at you.
You shrug off the repeated paralysis!
Grinder barely misses you.
Grinder blinks!
You can move again.
You start resting.
You feel a strong urge to attack something.
You start resting.
You are no longer berserk.
You are exhausted.
You feel yourself slow down.
You start resting.
Grinder is nearby!
Grinder blinks!
Grinder gestures at you.
You suddenly lose the ability to move!
Grinder hits you but does no damage. Grinder hits you!
You writhe in agony.
You can move again.
You sock Grinder! Grinder hits you but does no damage.
Grinder says, "Mostly I couldn't keep them alive."
Grinder hits you.
You writhe in agony.
* * * LOW HITPOINT WARNING * * *
You hit Grinder. Grinder hits you.
* * * LOW HITPOINT WARNING * * *
You writhe in agony.
* * * LOW HITPOINT WARNING * * *
Grinder gestures at you.
You easily resist.
You hit Grinder. Grinder gestures at you. Pain shoots through your body!
* * * LOW HITPOINT WARNING * * *
Grinder barely misses you.
You hit Grinder. Grinder closely misses you.
You closely miss Grinder. Grinder hits you.
* * * LOW HITPOINT WARNING * * *
You writhe in agony.
You die...
Grinder says, "Hey, I wasn't done torturing you yet!"

#.# #.# #.# #.#
#. #.### #.#
#...#
####..####5#.#
..#......@...#
....#...#...#
#.#.###.###..#
#.#..#...#...#
#......_.....#
.#.#..#...#...#
....###.###.##
#..#...#..#
#...†.....#


You could see Grinder.

Vanquished Creatures
  An adder (D:2)
  3 dart slugs
  A ribbon worm (D:3)
  5 orcs (D:3)
  5 ball pythons (D:1)
  4 bats
  An endoplasm (D:2)
  A giant cockroach (D:2)
  3 goblins
  2 hobgoblins
  3 quokkas
  4 frilled lizards
  5 kobolds
  5 rats
43 creatures vanquished.

Notes
Turn   | Place    | Note
-------+----------+-------------------------------------------
     0 | D:1      | Pooter the Minotaur Berserker began the quest for the Orb.
     0 | D:1      | Reached XP level 1. HP: 19/19 MP: 0/0
    80 | D:1      | Reached skill level 4 in Axes
   157 | D:1      | Reached XP level 2. HP: 23/27 MP: 1/1
   799 | D:2      | Reached XP level 3. HP: 33/33 MP: 2/2
  1006 | D:2      | Reached ** piety under Trog
  1237 | D:3      | Reached skill level 5 in Axes
  1381 | D:3      | Found a radiant altar of Vehumet.
  1393 | D:3      | Noticed Grinder
  1398 | D:3      | Paralysed by Grinder for 4 turns
  1403 | D:3      | Paralysed by Grinder for 3 turns
  1415 | D:3      | Paralysed by Grinder for 3 turns
  1422 | D:3      | Slain by Grinder

Illustrated notes

Levels and vault maps discovered:
D:1:      saegor_arrival_simple_a, layout_rooms, dreamdust_wishing_well,
          minmay_misc_feat_doors, chequers_serial_rivers_room_a
D:2:      layout_loops_ring
D:3:      layout_loops_ring, vehumet_crystals, ebering_ghost_reflecting_pool,
          uniq_grinder

Skill      XL: |  1  2  3 |
---------------+----------+-----
Axes           | 4 5 |  5.2
Fighting       | 4 |  4.5
Armour         | |  2.4
Dodging        | |  2.1

Action                     || total
---------------------------++-------
  Melee: Hand axe          ||    71
         Punch             ||     1
         Headbutt          ||    10
         Quarterstaff      ||     9
 Invoke: Berserk           ||     1
    Use: Scroll            ||     3
 Armour: Animal skin       ||     7
         Ring mail         ||    19
         Scale mail        ||    15
  Dodge: Dodged            ||    46
